 Dungeon Crawl Stone Soup version 0.30-a0-711-gf4ac18a38d (webtiles) character file.

Game seed: 12490455366624827591

98 bande the Shield-Bearer (level 4, -11/29 HPs)
             Began as a Gargoyle Fighter on Jan 23, 2023.
             Killed by divine providence
             ... invoked by an orc priest
              (13 damage)
             ... on level 3 of the Dungeon.
             The game lasted 00:02:10 (1457 turns).

bande the Shield-Bearer (Gargoyle Fighter)          Turns: 1457, Time: 00:02:11

Health: -11/29     AC: 10    Str: 20    XL:     4   Next: 69%
Magic:  0/4        EV:  9    Int:  8    God:
Gold:   126        SH:  0    Dex: 11    Spells: 3/3 levels left

rFire   . . .      SeeInvis .    a - +0 war axe
rCold   . . .      Faith    .    c - +0 buckler
rNeg    + . .      Spirit   +    b - +0 scale mail
rPois   ∞          Reflect  .    (no helmet)
rElec   +          Harm     .    (no cloak)
rCorr   .          Rampage  .    (no gloves)
Will    .....                    (no boots) Stlth
                                 s - amulet of guardian spirit
HPRegen 0.24/turn                (no ring)
MPRegen 0.09/turn                (no ring)

@: confused
A: sickness immunity, AC +3, negative energy resistance 1, electricity
resistance, torment resistance 1, petrification resistance
a: no special abilities


You were on level 3 of the Dungeon.
You visited 1 branch of the dungeon, and saw 3 of its levels.

You collected 126 gold pieces.

Inventory:

Hand Weapons
 a - a +0 war axe (weapon)
Armour
 b - a +0 scale mail (worn)
 c - a +0 buckler (worn)
Jewellery
 j - an amulet of regeneration
 l - a ring of ice
 s - an amulet of guardian spirit (around neck)
Wands
 n - a wand of light (10)
Scrolls
 f - 2 scrolls of fear {unknown}
 g - a scroll of fog {unknown}
 k - 2 scrolls of teleportation {unknown}
 m - a scroll of blinking {unknown}
 o - 2 scrolls of identify {unknown}
 r - a scroll of enchant weapon {unknown}
Potions
 d - a potion of might
 e - a potion of flight {unknown}
 h - 3 potions of curing {unknown}
 i - a potion of invisibility {unknown}
 p - a potion of haste {unknown}
 q - a potion of mutation {unknown}
 t - a potion of degeneration {unknown}


   Skills:
 + Level 3.7 Fighting
 + Level 2.8 Axes
 + Level 3.8 Armour
 - Level 0.4 Stealth
 + Level 4.0 Shields
 * Level 0.6 Evocations


You had 3 spell levels left.
You didn't know any spells.
Your spell library contained the following spells:

 Spells                   Type           Power      Damage    Failure   Level
 Kiss of Death            Conj/Necr      0%         2d5       85%         1
 Confusing Touch          Hex            0%         N/A       99%         3
 Tukima's Dance           Hex            0%         N/A       99%         3
 Dispel Undead            Necr           0%         3d6       100%        4
 Passage of Golubria      Tloc           0%         N/A       100%        4
 Yara's Violent Unravell  Hex/Tmut       0%         3d3       100%        5


Dungeon Overview and Level Annotations

Branches:
Dungeon (3/15)

Altars:


Innate Abilities, Weirdness & Mutations

You are immune to sickness and miasma.
Your stone body is resilient. (AC +3)
You are immune to poison.
You resist negative energy. (rN+)
You are resistant to electric shocks. (rElec)
You are resistant to unholy torment.
You are immune to petrification.


Message History

The orc barely misses you. The orc closely misses you.
The orc wizard points at you and mumbles some strange words.
The magic dart hits you.
The orc priest calls upon Beogh to heal the orc.
The orc's wounds heal themselves!
You are too injured to fight recklessly!
You are too injured to fight recklessly!
You are too injured to fight recklessly!
You are too injured to fight recklessly!
You are too injured to fight recklessly!
You are too injured to fight recklessly!
You closely miss the orc priest.
The orc priest is moderately wounded.
You slash the orc!
You kill the orc!
You hit the orc wizard but do no damage.
The orc wizard hits you with a +0 dagger.
You block the orc priest's attack.
You closely miss the orc priest.
The orc priest is moderately wounded.
You hit the orc wizard but do no damage.
The orc wizard misses you. The orc priest completely misses you.
You barely miss the orc priest.
The orc priest is moderately wounded.
You barely miss the orc wizard.
The orc wizard points at you and mumbles some strange words.
You are confused.
The orc priest hits you but does no damage.
The orc wizard mumbles some strange words.
The orc wizard flickers and vanishes!
Deactivating autopickup; reactivate with Ctrl-A.
The orc priest invokes the aid of Beogh against you.
Beogh smites you!
* * * LOW HITPOINT WARNING * * *
You bump into the rock wall.
The orc priest barely misses you. Something hits you but does no damage.
You bump into the rock wall.
Something hits you but does no damage.
The orc priest calls down the wrath of Beogh upon you.
Beogh smites you!
You die...

#.>.....#
........#
#.......# #
#.)...... #.
#........ #..
#........
#.####){.....#
####.....@o....#
........########
.........)..####
.#######.##......
#<..######
###...... #####.


You could see an orc priest.

Vanquished Creatures
  Jessica (D:3)
  An adder (D:2)
  2 dart slugs
  3 orcs (D:3)
  5 bats
  3 endoplasms
  2 giant cockroaches (D:2)
  6 goblins
  5 hobgoblins
  3 jackals (D:1)
  5 quokkas
  3 ball pythons (D:2)
  5 frilled lizards
  4 kobolds
  2 rats
50 creatures vanquished.

Notes
Turn   | Place    | Note
-------+----------+-------------------------------------------
     0 | D:1      | bande the Gargoyle Fighter began the quest for the Orb.
     0 | D:1      | Reached XP level 1. HP: 14/14 MP: 1/1
    74 | D:1      | Reached XP level 2. HP: 16/19 MP: 2/2
   405 | D:1      | Reached XP level 3. HP: 24/24 MP: 3/3
   407 | D:1      | Found a faded altar of an unknown god.
  1220 | D:2      | Reached skill level 4 in Shields
  1220 | D:2      | Reached XP level 4. HP: 29/29 MP: 4/4
  1415 | D:3      | Noticed Jessica
  1419 | D:3      | Killed Jessica
  1457 | D:3      | Killed from afar by an orc priest

Illustrated notes

Levels and vault maps discovered:
D:1:      erik_arrival_cave_to_civilisation [erik_arrival_cave_to_hall],
          layout_basic, hellmonk_ecumenical_altar_run_dry, minmay_misc_feat_x,
          minivault_23
D:2:      layout_loops_cross
D:3:      layout_rooms, nrook_loot_triangle, small_statue_intersection,
          uniq_jessica

Skill      XL: |  1  2  3 |
---------------+----------+-----
Axes           | 2 |  2.8
Shields        | 4 |  4.0
Fighting       | |  3.7
Armour         | |  3.8
Stealth        | |  0.4
Evocations     | |  0.6

Action                     |  1- 3 |  4- 6 || total
---------------------------+-------+-------++-------
  Melee: War axe           |   112 |    29 ||   141
 Armour: Scale mail        |    71 |    17 ||    88
  Dodge: Dodged            |    53 |    12 ||    65
  Block: Buckler           |    35 |     7 ||    42

Table legend: (Time is in decaauts)
 A = Elapsed time spent in this place.
 B = Non-inter-level travel time spent in this place.
 C = Inter-level travel time spent in this place.
 D = Time resting spent in this place.
 E = Time spent auto-exploring this place.
 F = Levels seen in this place.
 G = Mean time per level.
                   A        B        C        D        E       F      G
               +--------+--------+--------+--------+--------+-----+--------+
         Total |   1518 |   1454 |     64 |      0 |   1095 |   3 |  506.0 |
       Dungeon |   1518 |   1454 |     64 |      0 |   1095 |   3 |  506.0 |
               +--------+--------+--------+--------+--------+-----+--------+

Top non-repeatable levels by time:
     D:1: 840 daAuts
     D:2: 616 daAuts
     D:3: 61 daAuts
